 Seeded DCSS version 0.28-a0-413-gde365fb (webtiles) character file.

Game seed: 8859158737211481446 (custom seed)

664776 smazza the Warrior (level 27, -8/293 HPs)
             Began as a Troll Monk on Sept 6, 2021.
             Was the Champion of Okawaru.
             Killed from afar by a purple draconian knight (32 damage)
             ... with a bolt of dispelling energy
             ... on level 3 of the Realm of Zot on Sept 7, 2021.
             The game lasted 09:34:09 (78866 turns).

smazza the Warrior (Troll Monk)                    Turns: 78866, Time: 09:34:10

Health: -8/293     AC: 35    Str: 25    XL:     27
Magic:  31/31      EV: 40    Int:  6    God:    Okawaru [******]
Gold:   6033       SH: 26    Dex: 28    Spells: 26/26 levels left

rFire   . . .      SeeInvis +   c - +9 demon whip (elec)
rCold   . . .      Faith    .   i - +3 tower shield of Howling Wind {Drain rElec Will++ Regen+}
rNeg    + + .      Spirit   .   Q - +8 pearl dragon scales
rPois   +          Reflect  .   (helmet restricted)
rElec   +          Harm     .   k - scarf {repulsion}
rCorr   .          Rampage  .   (gloves unavailable)
Will    ++++.                   (boots unavailable)
Stlth   ++........              v - amulet of the acrobat
HPRegen 2.58/turn               m - ring of Gazothy {rPois rN+ AC+4 Str-2 Dex+7}
MPRegen 0.22/turn               s - ring of see invisible

@: acrobatic, contaminated, slowed, glowing, studying Necromancy, repel
missiles, very slow
A: large, unfitting armour, claws 3, regeneration 1, shaggy fur 1, tough skin 1,
iridescent scales 2, screaming 1, devolution 1
}: 3/15 runes: decaying, serpentine, silver
a: Renounce Religion, Heroism, Finesse, Duel


You were on level 3 of the Realm of Zot.
You worshipped Okawaru.
Okawaru was exalted by your worship.
You visited 10 branches of the dungeon, and saw 49 of its levels.
You visited 1 bazaar.
You also visited: Bailey and Ice Cave.

You collected 10776 gold pieces.
You spent 4743 gold pieces at shops.

Inventory:

Hand Weapons
 a - a +5 eveningstar of freezing
 c - a +9 demon whip of electrocution (weapon)
 q - the +5 morningstar "Nirin" {vorpal, Will++ Int+4}
   (Okawaru gifted it to you on level 2 of the Swamp)

   It inflicts extra damage upon your enemies.
   Int:       It affects your intelligence (+4).
   Will:      It greatly increases your willpower.
Missiles
 h - 58 javelins
 u - 8 boomerangs of dispersal
 E - 5 silver boomerangs
 G - 27 silver javelins
 K - 5 throwing nets
 P - 126 large rocks (quivered)
Armour
 i - the +3 tower shield of Howling Wind (worn) {Drain rElec Will++ Regen+}
   (Okawaru gifted it to you on level 3 of the Lair of Beasts)

   rElec:     It insulates you from electricity.
   Regen:     It increases your rate of health regeneration.
   Drain:     It drains your maximum health when unequipped.
   Will:      It greatly increases your willpower.
 k - a scarf of repulsion (worn)
 Q - +8 pearl dragon scales (worn)
Jewellery
 m - the ring of Gazothy (left claw) {rPois rN+ AC+4 Str-2 Dex+7}
   (You acquired it on level 6 of the Lair of Beasts)

   [ring of protection]

   AC:        It affects your AC (+4).
   Str:       It affects your strength (-2).
   Dex:       It affects your dexterity (+7).
   rPois:     It protects you from poison.
   rN:        It protects you from negative energy.
 s - a ring of see invisible (right claw)
 v - an amulet of the acrobat (around neck)
 z - a ring of flight
 I - the ring of the Scavenger {rCorr EV+4 Dex+2}
   (You took it off a tengu reaver on level 2 of the Depths)

   [ring of evasion]

   EV:        It affects your evasion (+4).
   Dex:       It affects your dexterity (+2).
   rCorr:     It protects you from acid and corrosion.
 M - a ring of positive energy
 N - the ring of the Crushed Coins {rPois rF+ rC- rCorr}
   (You bought it in a shop on level 2 of the Vaults)

   [ring of poison resistance]

   rF:        It protects you from fire.
   rC:        It makes you vulnerable to cold.
   rPois:     It protects you from poison.
   rCorr:     It protects you from acid and corrosion.
 R - a ring of protection from fire
 Z - a ring of protection from cold
Wands
 e - a wand of iceblast (18)
 w - a wand of acid (38)
 T - a wand of digging (3)
Scrolls
 b - 5 scrolls of fog
 j - 2 scrolls of magic mapping
 l - 14 scrolls of teleportation
 n - 7 scrolls of blinking
 x - 3 scrolls of holy word
 y - 6 scrolls of fear
 H - 3 scrolls of silence
 L - 7 scrolls of identify
Potions
 d - 2 potions of resistance
 g - 14 potions of curing
 t - 2 potions of flight
 A - a potion of magic
 F - 6 potions of ambrosia
 J - 2 potions of haste
 O - 3 potions of might
 V - 6 potions of attraction
 X - 6 potions of heal wounds
Miscellaneous
 Y - a phantom mirror


   Skills:
 * Level 20.4 Fighting
 - Level 16.0 Maces & Flails
 - Level 16.1 Throwing
 * Level 15.6 Armour
 + Level 20.2 Dodging
 - Level 9.0 Stealth
 - Level 15.0 Shields
 * Level 12.0 Invocations
 - Level 4.0 Evocations


You had 26 spell levels left.
You didn't know any spells.
Your spell library contained the following spells:

 Spells                   Type           Power      Damage    Failure   Level
 Foxfire                  Conj/Fire      0%         2x1d4     71%         1
 Freeze                   Ice            0%         1d3       71%         1
 Pain                     Necr           0%         1d4       71%         1
 Sting                    Tmut/Pois      0%         1d3       71%         1
 Corpse Rot               Necr/Air       N/A        N/A       83%         2
 Ensorcelled Hibernation  Hex/Ice        0%         N/A       83%         2
 Scorch                   Fire           0%         2d5       83%         2
 Slow                     Hex            0%         N/A       83%         2
 Static Discharge         Conj/Air       0%         N/A       83%         2
 Sublimation of Blood     Necr           0%         N/A       83%         2
 Wereblood                Tmut           0%         N/A       83%         2
 Confusing Touch          Hex            0%         N/A       97%         3
 Conjure Flame            Conj/Fire      0%         6-21      97%         3
 Dazzling Flash           Conj/Hex       0%         N/A       97%         3
 Frozen Ramparts          Ice            0%         1d2       97%         3
 Gell's Gravitas          Tloc           0%         N/A       97%         3
 Ignite Poison            Fire/Tmut/Pois 0%         N/A       97%         3
 Inner Flame              Hex/Fire       0%         N/A       97%         3
 Lesser Beckoning         Tloc           0%         N/A       97%         3
 Stone Arrow              Conj/Erth      0%         3d7       97%         3
 Teleport Other           Tloc           0%         N/A       97%         3
 Vampiric Draining        Necr           0%         2d6       97%         3
 Airstrike                Air            0%         N/A       100%        4
 Dispel Undead            Necr           0%         3d6       100%        4
 Flame Wave               Conj/Fire      0%         3d3       100%        4
 Fulminant Prism          Conj/Hex       0%         3d6       100%        4
 Hailstorm                Conj/Ice       0%         3d3       100%        4
 Ice Form                 Ice/Tmut       0%         N/A       100%        4
 Iskenderun's Mystic Bla  Conj/Tloc      0%         2d3       100%        4
 Leda's Liquefaction      Hex/Erth       0%         N/A       100%        4
 Petrify                  Tmut/Erth      0%         N/A       100%        4
 Sticky Flame             Conj/Fire      0%         2d3       100%        4
 Agony                    Necr           0%         N/A       100%        5
 Fireball                 Conj/Fire      0%         3d3       100%        5
 Irradiate                Conj/Tmut      0%         3d14      100%        5
 Lee's Rapid Deconstruct  Erth           0%         3d5*      100%        5
 Lightning Bolt           Conj/Air       0%         1d11      100%        5
 Metabolic Englaciation   Hex/Ice        0%         N/A       100%        5
 Silence                  Hex/Air        0%         N/A       100%        5
 Yara's Violent Unravell  Hex/Tmut       0%         3d3       100%        5
 Conjure Ball Lightning   Conj/Air       0%         3x3d6     100%        6
 Dispersal                Tloc           0%         N/A       100%        6
 Eringya's Noxious Bog    Tmut/Pois      0%         N/A       100%        6
 Starburst                Conj/Fire      0%         6d3       100%        6
 Statue Form              Tmut/Erth      0%         N/A       100%        6
 Orb of Destruction       Conj           0%         N/A       100%        7
 Borgnjor's Revivificati  Necr           0%         N/A       100%        8
 Discord                  Hex            0%         N/A       100%        8
 Disjunction              Tloc           0%         N/A       100%        8
 Ignition                 Fire           0%         3d3       100%        8
 Lehudib's Crystal Spear  Conj/Erth      0%         10d2      100%        8
 Necromutation            Tmut/Necr      0%         N/A       100%        8
 Death's Door             Necr           0%         N/A       100%        9
 Animate Skeleton         Necr           Unusable   N/A       N/A         1
 Tukima's Dance           Hex            Unusable   N/A       N/A         3
 Animate Armour           Summ/Erth      Unusable   N/A       N/A         4
 Summon Lightning Spire   Summ/Air       Unusable   N/A       N/A         4
 Summon Forest            Summ/Tloc      Unusable   N/A       N/A         5
 Death Channel            Necr           Unusable   N/A       N/A         6
 Simulacrum               Ice/Necr       Unusable   N/A       N/A         6
 Summon Cactus Giant      Summ           Unusable   N/A       N/A         6
 Summon Hydra             Summ           Unusable   N/A       N/A         7

Dungeon Overview and Level Annotations

Branches:
Dungeon (15/15)            Temple (1/1) D:4            Lair (6/6) D:11
  Swamp (4/4) Lair:4        Snake (4/4) Lair:2        Slime (0/5) Lair:5
    Orc (2/2) D:12            Elf (3/3) Orc:2        Vaults (5/5) D:14
  Crypt (0/3) Vaults:2     Depths (5/5) D:15            Zot (4/5) Depths:5
 Bailey (visited)           IceCv (visited)

Altars:
Ashenzari
Cheibriados
Dithmenos
Elyvilon
Fedhas
Gozag
Hepliaklqana
Kikubaaqudgha
Makhleb
Nemelex Xobeh
Okawaru
Qazlal
Ru
Sif Muna
Trog
Uskayaw
Vehumet
Wu Jian
Xom
Yredelemnul
Zin
The Shining One
Beogh

Shops:
D:2 =   D:3 **![*   D:12 :   Orc:1 :   Orc:2 =!!:   Elf:3 (?   Vaults:2 *
Vaults:4 [**   Depths:5 [*

Portals:
Hell: Depths:1 Depths:2 Depths:4 Depths:5
Abyss: Depths:1 Depths:2 Depths:4 Depths:5
Pandemonium: Depths:4
Trove: D:11 (give 7 potions of haste)

Annotations:
D:10 dontdoit's ghost, journeyman OpSu
D:11 exclusion: obsidian statue
Lair:6 exclusion: obsidian statue
Swamp:2 Roxanne
Vaults:2 3 runed translucent doors, casual's ghost, veteran MiMo
Depths:3 exclusion: 4 obsidian statues
Zot:3 exclusion: orb of fire


Innate Abilities, Weirdness & Mutations

You are too large for most types of armour.
You have claws for hands.
Your natural rate of healing is unusually fast.
You are covered in fur. (AC +1)
You have tough skin. (AC +1)
You are mostly covered in iridescent scales. (AC +4)
You occasionally shout uncontrollably at your foes.
You have hidden genetic defects.


Message History

The yellow draconian monk completely misses you.
The yellow draconian monk tail-slaps you but does no damage.
The purple draconian knight misses you. The death cob completely misses you.
The red draconian hits you with a +0 battleaxe!!
* * * LOW HITPOINT WARNING * * *
Blink to where?
Press: ? - help, Dir - move target
As you read the scroll of blinking, it crumbles to dust.
The sentinel's mark upon you fades away.
The yellow draconian monk is no longer berserk.
The death cob completely misses you.
There's a creature in the doorway!
You block the death cob's attack. x4
You block the death cob's attack. x2; The death cob hits you!
* * * LOW HITPOINT WARNING * * *
The death cob drains your vigour!
You feel as though you will be slow longer.
Your body shudders with the violent release of wild energies!
You feel the urge to shout.
You feel much better. The death cob misses you.
The death cob hits you but does no damage.
You block the death cob's attack.
The red draconian rages.
You block the death cob's attack.
Your surroundings suddenly seem different.
You enter the Zot trap.
The power of Zot is invoked against you!
The purple draconian knight is recalled.
The Killer Klown is recalled.
The orb of fire is recalled.
A Killer Klown comes into view. It is wielding a +8 club.
The purple draconian knight breathes dispelling energy at you.
The bolt of dispelling energy misses you.
The orb of fire emits a lurid red light.
The fireball explodes!
The fireball engulfs you!!!
* * * LOW HITPOINT WARNING * * *
The fireball engulfs the orb of fire.
The orb of fire completely resists.
The purple draconian knight breathes dispelling energy at you.
The bolt of dispelling energy hits you!!
Your magical effects are unravelling.
You die...

.####.##)##...........##.#.###...
.........##...........##.#.# ##.#
#####.##.##...).......##.#.# #.#
#.....##...........##.#.# #(#
#.######.....<.....##.#.# ##.#
#.# #...........##.#.# #..# #.#
#...........##.#.###... #.#
#...........##........# #.#
#....*@.p..[##.#.###.## #.#
#...........##.#.# #.# #.###
#....q......##.#.###.##
####...####...........##.#.##....
..........'.#.#.#.#...##.......##
.##########...........'..#.##..#
.## #.#.#.#.#...##.#.##.## ..#
#...........##.#.##.# #.#
#.#.#)#)#...##.#.##.#


You could see an orb of fire, a Killer Klown and a purple draconian knight
(fast, invisible, catching breath).

Vanquished Creatures
  An ancient lich (Vaults:4)
  2 dread liches
  An orb of fire (Zot:1)
  Bai Suzhen (Depths:2)
  A Killer Klown (Zot:1)
  Xtahua (Depths:3)
  Vashnia (Snake:2)
  2 curse toes
  4 golden dragons
  4 electric golems
  Rupert (Lair:6)
  9 tentacled monstrosities
  3 liches
  A titan (shapeshifter) (Depths:3)
  Asterion (Snake:2)
  2 quicksilver dragons (Depths:5)
  2 titans (Vaults:4)
  A deep elf blademaster (Elf:3)
  4 deep elf master archers (Elf:3)
  Gastronok (Lair:3)
  4 death cobs
  An ancient champion (D:15)
  5 sphinxes
  4 tengu reavers
  3 thorn hunters
  A shadow dragon (shapeshifter) (Depths:1)
  10 storm dragons
  13 shadow dragons
  Kirke (Snake:2)
  7 draconian monks
  Donald (Swamp:2)
  A nagaraja (Snake:4)
  3 azure jellies (shapeshifter) (Depths:3)
  A frost giant (shapeshifter) (Depths:3)
  10 draconian knights
  10 fire giants
  A fenstrider witch (shapeshifter) (Vaults:1)
  An iron dragon (D:14)
  The ghost of reggie the Thaumaturge, a journeyman DrWz of Sif Muna (Swamp:4)
  8 draconian scorchers
  18 vault wardens
  A ghost moth (Zot:2)
  11 deep elf sorcerers
  4 deep elf elementalists (Elf:3)
  2 caustic shrike zombies
  9 frost giants
  9 draconian shifters
  A ghost moth (shapeshifter) (Vaults:4)
  Aizul (Snake:1)
  5 draconian stormcallers (Zot:2)
  2 orc warlords (Vaults:3)
  8 draconian annihilators
  21 ironbound preservers
  Louise (Depths:5)
  A caustic shrike skeleton (Depths:2)
  4 juggernaut zombies (Depths:4)
  24 very ugly things
  9 war gargoyles
  19 stone giants
  3 vampire knights
  13 green draconians
  5 deep elf demonologists
  11 deep elf annihilators (Elf:3)
  11 yellow draconians
  19 black draconians
  7 dire elephants
  18 white draconians
  13 red draconians
  16 purple draconians
  Azrael (Elf:2)
  3 entropy weavers
  4 spark wasps
  A dire elephant (shapeshifter) (Depths:3)
  2 bunyips
  A crystal guardian (Vaults:2)
  5 mummy priests (Depths:4)
  6 eleionomae
  9 deep elf death magi
  2 quicksilver dragon zombies
  15 ettins
  2 blizzard demons
  7 great orbs of eyes
  21 yaktaur captains
  18 deep elf high priests
  3 jiangshi
  21 naga warriors
  11 fire dragons
  3 rakshasas
  Harold (Orc:1)
  13 centaur warriors
  5 peacekeepers
  28 vault guards
  4 boulder beetles
  14 hydras
  3 ghost crabs
  A hell beast (Depths:1)
  14 ice dragons
  3 salamander tyrants
  6 ironbound thunderhulks
  A catoblepas (D:13)
  2 spriggan air magi (Swamp:4)
  5 alligators
  15 anacondas
  5 death knights
  10 deep troll shamans
  38 dancing weapons
  An anaconda (shapeshifter) (Depths:3)
  8 ironbound frosthearts
  7 two-headed ogres
  7 orc high priests
  11 tengu warriors
  11 deep troll earth magi
  4 death yaks
  A hell hog (Depths:1)
  A titan zombie (Depths:4)
  4 vampire magi
  A hell knight (Vaults:4)
  10 shock serpents
  6 ironbound beastmasters
  6 spriggan berserkers
  18 naga sharpshooters
  A soul eater (Depths:4)
  21 deep elf knights
  A storm dragon zombie (Depths:4)
  A fire crab (Lair:6)
  5 iron trolls
  4 salamander mystics
  A spectral anaconda (Lair:6)
  A sea snake (shapeshifter) (Depths:3)
  5 skeletal warriors
  2 flayed ghosts
  7 goliath frogs
  2 spark wasp zombies (Depths:4)
  3 sea snakes (Snake:3)
  12 glowing orange brains
  2 golden dragon zombies (Depths:4)
  60 deep trolls
  3 spriggan druids
  11 naga ritualists
  5 tengu zombies
  5 swamp dragons
  3 bog bodies
  A lindwurm (shapeshifter) (Vaults:5)
  19 ironbound convokers
  A glowing orange brain (shapeshifter) (Vaults:5)
  8 wizards
  3 sphinx zombies
  4 lindwurms
  A shadow dragon zombie (Depths:4)
  25 deep elf pyromancers
  A harpy (D:14)
  12 phantasmal warriors
  12 necromancers
  A tengu skeleton (Vaults:4)
  37 ugly things
  2 iron dragon zombies
  7 deep elf archers
  9 orc knights
  32 deep elf zephyrmancers
  3 oklob plants
  10 mana vipers
  3 will-o-the-wisps
  3 frost giant zombies
  2 orc sorcerers
  4 human zombies
  A wolf spider (Vaults:4)
  29 salamanders
  3 manticores
  5 cyclopes
  40 black mambas
  21 naga magi
  Maurice (Orc:2)
  25 moths of wrath
  A water nymph (shapeshifter) (Elf:3)
  A black mamba (shapeshifter) (Depths:3)
  17 elephants
  A titan simulacrum (Vaults:4)
  10 guardian serpents
  An ice statue (IceCv)
  8 cane toads
  A molten gargoyle (Depths:3)
  20 vault sentinels
  Maggie (D:10)
  A rime drake (Lair:6)
  5 yaktaur zombies
  4 orange demons (D:12)
  2 efreet
  2 dire elephant skeletons (Lair:6)
  2 unseen horrors
  16 freezing wraiths
  37 yaktaurs
  4 tengu conjurers
  8 komodo dragons
  2 anaconda simulacra (IceCv)
  11 ice devils (IceCv)
  2 entropy weaver simulacra (IceCv)
  3 guardian mummies (Depths:4)
  5 polar bears
  3 red devils (D:12)
  2 wind drakes (Depths:3)
  A bloated husk (Swamp:1)
  A jumping spider (shapeshifter) (Depths:3)
  A shadow dragon simulacrum (Vaults:4)
  14 trolls
  4 hornets
  9 tyrant leeches
  A jumping spider (Vaults:2)
  Prince Ribbit (D:6)
  29 slime creatures
  8 blink frogs
  2 raiju (Depths:3)
  An iron dragon simulacrum (Depths:2)
  A spectral elephant (Lair:6)
  A blink frog (shapeshifter) (Depths:2)
  6 dream sheep
  A slime creature (shapeshifter) (Vaults:1)
  A human simulacrum (Vaults:4)
  The ghost of Ozzieoiler the Covert, an amateur KoBr (D:5)
  10 air elementals
  4 spriggans
  3 redbacks
  A wraith (D:11)
  A vampire (D:12)
  2 tarantellas
  A shadow (D:11)
  9 water elementals
  2 wyverns
  4 humans (Snake:2)
  4 fire bats (Lair:1)
  4 basilisks
  40 yaks
  15 fire elementals
  A golden eye (shapeshifter) (D:15)
  A hog (Snake:2)
  3 swamp worm simulacra (Swamp:4)
  6 death yak simulacra
  2 vampire mosquitoes
  An elf skeleton (Vaults:4)
  3 harpy simulacra (IceCv)
  A steam dragon (D:8)
  10 swamp worms
  6 two-headed ogre zombies (D:11)
  4 wargs
  3 large abominations (Elf:1)
  2 spectral cane toads (Lair:6)
  41 nagas
  12 water moccasins
  2 floating eyes
  14 hydra simulacra (Swamp:4)
  2 swamp drakes
  A black bear (shapeshifter) (Depths:3)
  3 black bears
  38 orc warriors
  2 elephant zombies (Lair:6)
  2 necrophages
  6 ice beasts
  A tengu (shapeshifter) (Depths:1)
  An ogre (shapeshifter) (Depths:1)
  14 wolves
  8 ogres
  6 centaurs
  7 elf zombies
  12 bullfrogs
  12 earth elementals
  2 two-headed ogre simulacra (IceCv)
  A water moccasin zombie (D:6)
  2 cane toad simulacra (IceCv)
  2 gnoll sergeants
  A scorpion (D:5)
  5 elephant simulacra (IceCv)
  6 killer bees (D:10)
  8 wights
  3 electric eels (Snake:3)
  A vampire bat (Lair:1)
  3 howler monkeys (D:11)
  A lava snake (Lair:1)
  4 centaur zombies
  2 bullfrog zombies
  4 jellies
  29 orc priests
  A bullfrog skeleton (D:4)
  A centaur skeleton (D:4)
  3 hounds
  5 iguanas
  23 orc wizards
  4 polar bear simulacra (IceCv)
  2 spriggan simulacra (IceCv)
  A troll simulacrum (IceCv)
  5 wolf simulacra (IceCv)
  A hound skeleton (D:4)
  A mummy (Depths:4)
  Robin (D:4)
  22 gnolls
  4 adders
  2 ufetubi
  5 swamp drake simulacra (Swamp:4)
  An adder skeleton (D:4)
  3 worms
  2 dart slugs
  102 orcs
  15 bats
  7 endoplasms
  2 giant cockroaches (D:1)
  24 hobgoblins
  6 jackals (D:3)
  13 kobolds
  2 quokkas
  5 ball pythons
  2 frilled lizards (D:1)
  32 goblins
  3 rats
  A spectral kobold (D:2)
  3 briar patches
2232 creatures vanquished.

Vanquished Creatures (others)
  A fire giant (Depths:1)
  A bunyip (Swamp:2)
  A white draconian (Zot:2)
  An eleionoma (Swamp:4)
  2 deep elf knights
  A deep elf zephyrmancer (Elf:2)
  An ugly thing (Depths:4)
  A yaktaur (Vaults:5)
  A polar bear (Orc:2)
  3 bloated husks
  A raiju (Depths:3)
  2 nagas (Snake:2)
  A hydra simulacrum (Swamp:4)
  An orc warrior (Vaults:5)
  11 ball lightnings (Depths:3)
  7 briar patches (Swamp:4)
  A bush (Lair:6)
  10 foxfires
  32 fungi
  58 plants
  7 withered plants (Lair:6)
144 creatures vanquished.

Grand Total: 2376 creatures vanquished

Notes
Turn   | Place    | Note
-------+----------+-------------------------------------------
     0 | D:1      | smazza the Troll Monk began the quest for the Orb.
     0 | D:1      | Reached XP level 1. HP: 22/22 MP: 0/0
   314 | D:1      | Reached XP level 2. HP: 29/29 MP: 1/1
  1282 | D:2      | Found Etempa's Jewellery Shoppe.
  1508 | D:2      | Reached XP level 3. HP: 36/36 MP: 2/2
  1572 | D:2      | Found a faded altar of an unknown god.
  2134 | D:3      | Found Fedwidof's Antique Armour Boutique.
  2194 | D:3      | Found Urrunyr's Assorted Antiques.
  2235 | D:3      | Found an opulent altar of Gozag.
  2277 | D:3      | Reached XP level 4. HP: 44/44 MP: 3/3
  2418 | D:3      | Found Neps's General Store.
  2424 | D:3      | Reached XP level 5. HP: 53/53 MP: 4/4
  2450 | D:3      | Found Caguatt's Assorted Antiques.
  2906 | D:3      | Found Naid's Distillery.
  3051 | D:4      | Reached skill level 1 in Throwing
  3135 | D:4      | Noticed Robin
  3223 | D:4      | Killed Robin
  3257 | D:4      | Reached XP level 6. HP: 34/61 MP: 5/5
  3486 | D:4      | Found a staircase to the Ecumenical Temple.
  3503 | D:4      | Reached skill level 5 in Maces & Flails
  3511 | Temple   | Entered the Ecumenical Temple
  3547 | Temple   | Became a worshipper of Warmaster Okawaru
  3547 | Temple   | Reached * piety under Okawaru
  3547 | Temple   | Reached ** piety under Okawaru
  3800 | D:5      | Entered Level 5 of the Dungeon
  3986 | D:4      | Reached XP level 7. HP: 68/68 MP: 6/6
  4062 | D:5      | Noticed Ozzieoiler's ghost (amateur KoBr)
  4064 | D:5      | Identified the +1 scale mail "Udikhoum" {Fly rPois}
  4065 | D:5      | Found a runed translucent gate.
  4065 | D:5      | Found a runed translucent gate.
  4065 | D:5      | Found a runed translucent gate.
  4240 | D:5      | Found a sparkling altar of Nemelex Xobeh.
  4721 | D:3      | Bought a +0 troll leather armour for 210 gold pieces
  4984 | D:5      | Killed Ozzieoiler's ghost
  5342 | D:6      | Reached XP level 8. HP: 63/78 MP: 7/7
  5481 | D:6      | Found a shimmering blue altar of Sif Muna.
  5502 | D:6      | Noticed Prince Ribbit
  5524 | D:6      | Reached skill level 5 in Throwing
  6038 | D:6      | Killed Prince Ribbit
  6038 | D:6      | Reached *** piety under Okawaru
  6039 | D:6      | Reached skill level 5 in Dodging
  6346 | D:7      | Reached skill level 5 in Fighting
  6378 | D:7      | Found a bloodstained altar of Trog.
  6699 | D:7      | Reached XP level 9. HP: 88/88 MP: 8/8
  6900 | D:7      | Found an ancient bone altar of Kikubaaqudgha.
  6901 | D:7      | Found a glowing golden altar of the Shining One.
  6902 | D:7      | Found a stormy altar of Qazlal.
  6902 | D:7      | Found a glowing silver altar of Zin.
  7030 | D:7      | Found an ancient bone altar of Kikubaaqudgha.
  7588 | D:7      | Reached **** piety under Okawaru
  8097 | D:9      | Noticed a two-headed ogre
  8107 | D:9      | Killed a two-headed ogre
  8149 | D:9      | Reached XP level 10. HP: 80/98 MP: 9/9
  8157 | D:9      | Reached ***** piety under Okawaru
  8189 | D:9      | Identified the +3 ring mail of the Eternal Void {Int+4
                  | Stlth+}
  8276 | D:9      | Noticed a two-headed ogre
  8291 | D:9      | Killed a two-headed ogre
  8291 | D:9      | Received a gift from Okawaru
  8575 | D:9      | Found a runed translucent door.
  8955 | D:2      | Bought a ring of poison resistance for 280 gold pieces
  9101 | D:10     | Entered Level 10 of the Dungeon
  9173 | D:10     | Found a hide-covered altar of Uskayaw.
  9239 | D:10     | Noticed Maggie
  9253 | D:10     | Killed Maggie
  9253 | D:10     | Received a gift from Okawaru
  9280 | D:10     | Found a runed translucent gate.
  9280 | D:10     | Noticed a nine-headed hydra
  9281 | D:10     | Found a runed translucent gate.
  9282 | D:10     | Found a runed translucent gate.
  9284 | D:10     | Noticed dontdoit's ghost (journeyman OpSu)
  9284 | D:10     | Noticed a ten-headed hydra
  9345 | D:10     | Found a broken altar of Ashenzari.
  9347 | D:10     | Found a shadowy altar of Dithmenos.
  9349 | D:10     | Found an ornate altar of the Wu Jian Council.
  9349 | D:10     | Found a shimmering altar of Xom.
  9350 | D:10     | Noticed a two-headed ogre
  9365 | D:10     | Killed a two-headed ogre
  9365 | D:10     | Received a gift from Okawaru
  9366 | D:10     | Reached skill level 10 in Maces & Flails
  9513 | D:10     | Reached XP level 11. HP: 107/107 MP: 10/10
  9662 | D:10     | Received a gift from Okawaru
 10034 | D:11     | Noticed an obsidian statue
 10122 | D:11     | Noticed a death knight
 10128 | D:11     | Noticed a skeletal warrior
 10130 | D:11     | Found a flagged portal.
 10130 | D:11     | Noticed a skeletal warrior
 10139 | Bailey   | Entered a bailey
 10644 | Bailey   | Identified the ring of Vemayple {Ice rElec Str-4 Int+8
                  | Dex+2}
 10659 | Bailey   | Noticed an orc warlord
 10690 | Bailey   | HP: 5/109 [orc warlord (23)]
 10977 | D:3      | Bought a potion of heal wounds for 60 gold pieces
 11436 | D:11     | Reached skill level 10 in Throwing
 11476 | D:11     | HP: 4/109 [skeletal warrior[a death knight] (14)]
 11479 | D:11     | Killed a skeletal warrior
 11480 | D:11     | Reached skill level 1 in Invocations
 11680 | D:10     | Killed a skeletal warrior
 12161 | D:11     | Noticed a centaur warrior
 12322 | D:11     | Killed a centaur warrior
 12360 | D:11     | Found a portal to a secret trove of treasure.
 12369 | D:11     | Reached skill level 5 in Invocations
 12369 | D:11     | Reached XP level 12. HP: 119/119 MP: 12/15
 12549 | D:10     | HP: 2/119 [efreet (6)]
 12724 | D:11     | Killed a death knight
 12813 | D:11     | Received a gift from Okawaru
 12833 | D:11     | Reached XP level 13. HP: 127/127 MP: 16/16
 12922 | D:11     | Found a staircase to the Lair.
 13009 | Lair:1   | Entered Level 1 of the Lair of Beasts
 14048 | Lair:2   | Found a staircase to the Snake Pit.
 14548 | Lair:2   | Found an ornate altar of the Wu Jian Council.
 15008 | Lair:3   | Received a gift from Okawaru
 15246 | Lair:3   | Noticed Gastronok
 15277 | Lair:3   | Killed Gastronok
 15332 | Lair:3   | Identified the +3 tower shield of Howling Wind {Drain rElec
                  | Will++ Regen+} (Okawaru gifted it to you on level 3 of the
                  | Lair of Beasts)
 15332 | Lair:3   | Received a gift from Okawaru
 16183 | Lair:4   | Found a staircase to the Swamp.
 16770 | Lair:5   | Reached skill level 1 in Shields
 16878 | Lair:5   | Found a staircase to the Slime Pits.
 17608 | Lair:6   | Entered Level 6 of the Lair of Beasts
 17772 | Lair:6   | Reached XP level 14. HP: 114/137 MP: 18/18
 17880 | Lair:5   | Received a gift from Okawaru
 18129 | Lair:6   | Identified a scroll of acquirement
 18129 | Lair:6   | Acquired the ring of Gazothy {rPois rN+ AC+4 Str-2 Dex+7}
 18189 | Lair:6   | Received a gift from Okawaru
 18591 | Lair:6   | Noticed Rupert
 18597 | Lair:6   | Killed Rupert
 18597 | Lair:6   | Received a gift from Okawaru
 18598 | Lair:6   | Reached skill level 5 in Shields
 18948 | Lair:6   | Received a gift from Okawaru
 19189 | Lair:6   | Received a gift from Okawaru
 19580 | Lair:6   | Identified the +4 fustibalus "Beetleslayer" {venom, Will++}
 20335 | D:12     | Found Upaxirchoil's Book Shoppe.
 20338 | D:12     | Identified the +4 dagger of a ziggurat {vorpal, MP+9 Dex+2}
 20625 | D:12     | Found a staircase to the Orcish Mines.
 21386 | D:13     | Received a gift from Okawaru
 21436 | D:13     | Identified the +3 dagger "Noifen Feren" {pain, rC+++ Will-
                  | rCorr Dex-5}
 21449 | D:13     | Identified the +7 great sword "Demonbane" {vorpal, *Slow
                  | rCorr Str-5 Int+10}
 21553 | D:13     | Received a gift from Okawaru
 21699 | D:13     | Reached skill level 10 in Dodging
 21742 | D:12     | Reached XP level 15. HP: 149/149 MP: 20/20
 22200 | D:14     | Reached skill level 10 in Fighting
 22218 | D:14     | Found an opulent altar of Gozag.
 22763 | D:14     | Found a gate to the Vaults.
 22896 | Orc:1    | Entered Level 1 of the Orcish Mines
 22973 | Orc:1    | Found Vusipir's Self-Improvement Boutique.
 23341 | Orc:1    | Noticed Harold
 23349 | Orc:1    | Killed Harold
 23422 | Orc:2    | Entered Level 2 of the Orcish Mines
 23454 | Orc:2    | Found a frozen archway.
 23506 | IceCv    | Entered an ice cave
 23797 | IceCv    | Identified the +3 dire flail "Otipuer" {flame, Will+ Int-2
                  | SInv}
 23868 | IceCv    | Found an ancient bone altar of Kikubaaqudgha.
 24270 | IceCv    | Found the +2 Maxwell's thermic engine {flame, freeze}
 24454 | Orc:2    | Received a gift from Okawaru
 24642 | Orc:2    | Noticed Maurice
 24689 | Orc:2    | Killed Maurice
 24707 | Orc:2    | Found a staircase to the Elven Halls.
 24759 | Orc:1    | Received a gift from Okawaru
 25502 | Orc:2    | Received a gift from Okawaru
 25655 | Orc:2    | Found Anitz's Jewellery Emporium.
 25655 | Orc:2    | Found Cuxutt's Distillery.
 25696 | Orc:2    | Found Othretwocas's Book Shoppe.
 25703 | Orc:2    | Found Gekoikia's Distillery.
 25732 | Orc:2    | Bought a potion of heal wounds for 70 gold pieces
 25732 | Orc:2    | Bought 2 potions of heal wounds for 140 gold pieces
 25734 | Orc:2    | Bought a potion of heal wounds for 90 gold pieces
 26106 | D:14     | Noticed an iron dragon
 26133 | D:14     | Reached skill level 10 in Invocations
 26180 | D:14     | Killed an iron dragon
 26184 | D:14     | Found the +6 shillelagh "Devastator" {shatter}
 26450 | D:14     | Reached XP level 16. HP: 150/161 MP: 22/22
 26715 | D:15     | Entered Level 15 of the Dungeon
 26756 | D:15     | Found a flickering gateway to a bazaar.
 26775 | Bazaar   | Entered a bazaar
 26777 | Bazaar   | Found Ettus's Antique Armour Boutique.
 26777 | Bazaar   | Found Caych's Magic Scroll Boutique.
 26810 | Bazaar   | Found Zirch's Book Boutique.
 26856 | Bazaar   | Found Plog's Weapon Shop.
 26943 | Bazaar   | Bought a scroll of acquirement for 520 gold pieces
 26943 | Bazaar   | Bought a scroll of magic mapping for 35 gold pieces
 26966 | D:15     | Acquired a +4 eveningstar of draining
 26978 | D:15     | Found an ornate altar of the Wu Jian Council.
 27527 | D:15     | Reached skill level 10 in Shields
 27553 | D:15     | Found a staircase to the Depths.
 27779 | Swamp:1  | Entered Level 1 of the Swamp
 27865 | Swamp:1  | Received a gift from Okawaru
 27999 | Swamp:1  | You are sucked into a shaft and drop 1 floor!
 28012 | Swamp:2  | Reached ****** piety under Okawaru
 28022 | Swamp:2  | Identified the +5 morningstar "Nirin" {vorpal, Will++
                  | Int+4} (Okawaru gifted it to you on level 2 of the Swamp)
 28022 | Swamp:2  | Received a gift from Okawaru
 28814 | Swamp:2  | Received a gift from Okawaru
 28888 | Swamp:2  | Noticed Donald
 28930 | Swamp:2  | Noticed a thorn hunter
 28948 | Swamp:2  | Killed a thorn hunter
 29036 | Swamp:2  | Identified Roxanne's Almanac of Earth
 29036 | Swamp:2  | Noticed Roxanne
 29093 | Swamp:2  | Killed Donald
 29305 | Swamp:3  | Received a gift from Okawaru
 29875 | Lair:4   | Identified the +1 scale mail of the Watermelon {Stlth+}
 29898 | Snake:1  | Entered Level 1 of the Snake Pit
 30039 | Snake:1  | Noticed Aizul
 30063 | Snake:1  | Killed Aizul
 30063 | Snake:1  | Identified the +9 hand crossbow of Okawaru's Favour
                  | {vorpal, Fly rF++ Dex+4} (Okawaru gifted it to you on level
                  | 1 of the Snake Pit)
 30063 | Snake:1  | Received a gift from Okawaru
 30217 | Snake:1  | Identified the +1 helmet of Bitterness {Dex+4}
 30589 | Snake:1  | Reached XP level 17. HP: 142/142 MP: 24/24
 30876 | Snake:1  | Received a gift from Okawaru
 31030 | Snake:1  | You are sucked into a shaft and drop 1 floor!
 31152 | Snake:1  | Identified the +3 scale mail "Deumeuc" {rPois}
 31579 | Snake:2  | Received a gift from Okawaru
 31696 | Snake:2  | Noticed Kirke
 31715 | Snake:2  | Killed Kirke
 31819 | Snake:2  | Noticed Vashnia
 32022 | Snake:2  | Killed Vashnia
 32448 | Snake:2  | Noticed Asterion
 32571 | Snake:2  | Found a shadowy altar of Dithmenos.
 32856 | Snake:2  | Received a gift from Okawaru
 33143 | Snake:2  | Killed Asterion
 33666 | Snake:3  | Received a gift from Okawaru
 33997 | Snake:2  | Received a gift from Okawaru
 34874 | Snake:2  | Reached skill level 1 in Evocations
 35089 | Snake:3  | Received a gift from Okawaru
 35425 | Snake:3  | Received a gift from Okawaru
 35483 | Snake:3  | Reached XP level 18. HP: 163/183 MP: 25/25
 36211 | Snake:4  | Entered Level 4 of the Snake Pit
 38809 | Snake:4  | Identified the +1 robe of Okawaru's Grace {rF- Str+3}
                  | (Okawaru gifted it to you on level 4 of the Snake Pit)
 38809 | Snake:4  | Received a gift from Okawaru
 39269 | Snake:4  | Got a serpentine rune of Zot
 39596 | Swamp:4  | Entered Level 4 of the Swamp
 40350 | Swamp:4  | Found a runed translucent gate.
 40350 | Swamp:4  | Noticed reggie's ghost (journeyman DrWz)
 40351 | Swamp:4  | Found a runed translucent gate.
 40352 | Swamp:4  | Found a runed translucent gate.
 40854 | Swamp:4  | Reached skill level 15 in Maces & Flails
 40889 | Swamp:4  | Got a decaying rune of Zot
 41181 | Swamp:4  | Killed reggie's ghost
 41356 | Swamp:4  | Reached XP level 19. HP: 135/193 MP: 26/26
 41921 | Elf:1    | Entered Level 1 of the Elven Halls
 41970 | Elf:1    | Paralysed by an air elemental for 1 turns
 42090 | Elf:1    | Identified the +2 robe of Recklessness {Harm rElec rF-
                  | Archmagi} (Okawaru gifted it to you on level 1 of the Elven
                  | Halls)
 42090 | Elf:1    | Received a gift from Okawaru
 42256 | Elf:1    | Got the Tome of Evil
 43588 | Elf:2    | Found a runed translucent gate.
 43588 | Elf:2    | Found a runed translucent gate.
 43588 | Elf:2    | Found a runed translucent gate.
 43969 | Vaults:1 | Entered Level 1 of the Vaults
 44293 | D:3      | Bought a scroll of enchant weapon for 105 gold pieces
 44688 | D:10     | Identified the +6 long sword of Xaatakki {elec, *Noise
                  | rPois rN+ Str+4}
 44690 | D:10     | Identified the ring "Viosiat" {Contam Fly Str+4 Dex+7
                  | Stlth+}
 45523 | Vaults:1 | Received a gift from Okawaru
 45872 | Vaults:1 | Received a gift from Okawaru
 45915 | Vaults:1 | Received a gift from Okawaru
 46342 | Vaults:1 | Reached skill level 5 in Armour
 46984 | Vaults:2 | Reached XP level 20. HP: 175/205 MP: 27/27
 47119 | Vaults:2 | Found Jakexo's Assorted Antiques.
 47127 | Vaults:2 | Bought a vibrating marble ring for 130 gold pieces
 47127 | Vaults:2 | Identified the ring of the Crushed Coins {rPois rF+ rC-
                  | rCorr} (You bought it in a shop on level 2 of the Vaults)
 47718 | Vaults:2 | Found a staircase to the Crypt.
 48337 | Vaults:2 | Received a gift from Okawaru
 48706 | Vaults:2 | Found a runed translucent gate.
 48706 | Vaults:2 | Found a runed translucent gate.
 48706 | Vaults:2 | Found a runed translucent gate.
 48706 | Vaults:2 | Noticed casual's ghost (veteran MiMo)
 48707 | Vaults:2 | Identified the +3 chain mail "Siampal" {Dex+2}
 48709 | Vaults:2 | Identified the +9 plate armour of Past Mistakes {rF+ Dex+4}
 49419 | Vaults:2 | Bought a scroll of teleportation for 78 gold pieces
 49419 | Vaults:2 | Bought a wand of digging (3) for 208 gold pieces
 49848 | Vaults:3 | Reached skill level 15 in Throwing
 51388 | Vaults:3 | Received a gift from Okawaru
 51389 | Vaults:3 | Reached XP level 21. HP: 154/215 MP: 28/28
 51975 | Vaults:4 | Identified the +5 hunting sling of Spores {flame, Fly rElec
                  | rC+}
 52038 | Vaults:4 | Identified the +6 giant spiked club "Rate" {protect, Will-
                  | Str+4 Int+2 Stlth+} (Okawaru gifted it to you on level 4 of
                  | the Vaults)
 52038 | Vaults:4 | Received a gift from Okawaru
 52708 | Vaults:4 | Found Gozag's Assorted Antiques.
 52729 | Vaults:4 | Found an opulent altar of Gozag.
 52729 | Vaults:4 | Found Gozag's Assorted Antiques.
 52749 | Vaults:4 | Found Gozag's Antique Armour Emporium.
 52941 | Vaults:4 | Bought a scroll of brand weapon for 2000 gold pieces
 53630 | D:14     | Upgraded the game from 0.28-a0-410-gbef64dd to
                  | 0.28-a0-413-gde365fb
 53686 | Depths:1 | Entered Level 1 of the Depths
 53969 | Depths:1 | Received a gift from Okawaru
 54172 | D:15     | Received a gift from Okawaru
 54205 | Depths:1 | Found a one-way gate to the infinite horrors of the Abyss.
 54257 | Depths:1 | Noticed a caustic shrike
 54257 | Depths:1 | an alligator snapping turtle changed into a caustic shrike
 54259 | Depths:1 | Noticed a golden dragon
 54259 | Depths:1 | a caustic shrike changed into a golden dragon
 54267 | Depths:1 | a golden dragon changed into an iron giant
 54273 | Depths:1 | Noticed a caustic shrike
 54276 | Depths:1 | Noticed a golden dragon
 54276 | Depths:1 | a caustic shrike changed into a golden dragon
 54287 | Depths:1 | a golden dragon changed into an iron dragon
 54772 | Depths:1 | Received a gift from Okawaru
 54798 | Depths:1 | Reached skill level 15 in Dodging
 54982 | D:15     | Reached skill level 15 in Fighting
 55027 | Depths:1 | Received a gift from Okawaru
 55095 | Depths:1 | Found a gateway to Hell.
 55626 | Depths:1 | Received a gift from Okawaru
 55784 | Depths:2 | Received a gift from Okawaru
 56008 | Depths:1 | Reached XP level 22. HP: 227/227 MP: 29/29
 56391 | Depths:1 | Reached skill level 15 in Shields
 56540 | Depths:1 | Received a gift from Okawaru
 56577 | Depths:2 | Identified the +7 scimitar "Jogerink" {venom, rN++ Int+5
                  | Stlth-}
 56759 | Depths:2 | Identified the +7 falchion of the Old World {drain, Contam
                  | rElec rF+}
 57067 | Depths:2 | Noticed Bai Suzhen
 57101 | Depths:2 | Killed Bai Suzhen
 57109 | Depths:2 | Identified the ring of the Scavenger {rCorr EV+4 Dex+2}
 57158 | Depths:2 | Reached skill level 10 in Armour
 57508 | Depths:2 | Identified the +2 robe "Kinan" {Int+4 Dex+4} (Okawaru
                  | gifted it to you on level 2 of the Depths)
 57508 | Depths:2 | Received a gift from Okawaru
 57829 | Depths:3 | Noticed Xtahua
 57906 | Depths:3 | Killed Xtahua
 58157 | Depths:3 | Paralysed by an air elemental for 1 turns
 58168 | Depths:3 | Paralysed by an air elemental for 1 turns
 58175 | Depths:3 | Paralysed by an air elemental for 1 turns
 58476 | Depths:3 | Noticed a juggernaut
 58482 | Depths:3 | Noticed a shard shrike
 58487 | Depths:3 | a shard shrike changed into a titan
 58837 | Depths:3 | Paralysed by an air elemental for 1 turns
 58907 | Depths:3 | Got the Grimoire of Poisoning and Conjuration
 59264 | Depths:3 | Identified the +5 flail "Vouq Ane" {elec, rF+} (Okawaru
                  | gifted it to you on level 3 of the Depths)
 59264 | Depths:3 | Received a gift from Okawaru
 59321 | Depths:3 | Reached XP level 23. HP: 218/239 MP: 30/30
 59376 | Depths:3 | Identified the +8 mace of Corruption {freeze, rPois rN+}
 60216 | Depths:4 | Found a basalt altar of Yredelemnul.
 60932 | Depths:4 | Received a gift from Okawaru
 61194 | Depths:4 | Found the amulet of Vitality {Regen+ HP+15}
 61482 | Depths:3 | Received a gift from Okawaru
 61724 | Depths:4 | Found a one-way gate leading to the halls of Pandemonium.
 61795 | Depths:5 | Entered Level 5 of the Depths
 62605 | Depths:5 | Found a gate to the Realm of Zot.
 62738 | Depths:5 | Found Umuy's Assorted Antiques.
 62794 | Depths:5 | Reached skill level 5 in Stealth
 62835 | Depths:5 | Found Qoaradost's Antique Armour Shoppe.
 62866 | Depths:5 | Noticed Louise
 62885 | Depths:5 | Killed Louise
 63021 | Depths:5 | Paralysed by a floating eye for 2 turns
 63026 | Depths:5 | Received a gift from Okawaru
 63389 | Depths:5 | Found a sacrificial altar of Ru.
 63584 | Depths:5 | Received a gift from Okawaru
 64617 | Vaults:5 | Entered Level 5 of the Vaults
 64627 | Vaults:5 | Noticed a dread lich
 64632 | Vaults:5 | Received a gift from Okawaru
 64632 | Vaults:5 | Received a gift from Okawaru
 64633 | Vaults:5 | Reached XP level 24. HP: 96/253 MP: 25/30
 64705 | Vaults:4 | Identified the +1 robe of Midnight {rN+ MP+9 Dex+4}
                  | (Okawaru gifted it to you on level 4 of the Vaults)
 64705 | Vaults:4 | Received a gift from Okawaru
 64763 | Vaults:4 | Killed a dread lich
 64830 | Vaults:5 | Noticed an ancient lich
 64943 | Vaults:5 | Identified the +11 scimitar "Voajeo Okim" {freeze, Str+7}
 65089 | Vaults:4 | Killed an ancient lich
 65422 | Vaults:5 | Noticed a dread lich
 65428 | Vaults:5 | Killed a dread lich
 65428 | Vaults:5 | Identified the +3 dagger of Xoongi {pain, +Blink} (Okawaru
                  | gifted it to you on level 5 of the Vaults)
 65428 | Vaults:5 | Received a gift from Okawaru
 66108 | Vaults:4 | Received a gift from Okawaru
 66367 | Vaults:5 | Identified the +1 dagger of Sun Juti {flame, Drain rF+++
                  | rC+ Dex+2}
 66802 | Vaults:5 | Got a silver rune of Zot
 66869 | Vaults:4 | Received a gift from Okawaru
 67074 | Vaults:5 | Received a gift from Okawaru
 67678 | Elf:2    | Reached XP level 25. HP: 265/265 MP: 30/30
 67678 | Elf:2    | Reached XP level 26. HP: 274/274 MP: 30/30
 68058 | Elf:2    | Noticed Azrael
 68078 | Elf:2    | Killed Azrael
 68516 | Elf:3    | Entered Level 3 of the Elven Halls
 68731 | Elf:3    | Found Yczihar's Magic Scroll Boutique.
 68794 | Elf:3    | Bought a scroll of enchant weapon for 157 gold pieces
 68794 | Elf:3    | Bought a scroll of teleportation for 63 gold pieces
 68794 | Elf:3    | Bought a scroll of teleportation for 63 gold pieces
 68794 | Elf:3    | Bought a scroll of enchant weapon for 157 gold pieces
 68794 | Elf:3    | Bought a scroll of teleportation for 63 gold pieces
 68794 | Elf:3    | Bought a scroll of vulnerability for 157 gold pieces
 68794 | Elf:3    | Bought a scroll of blinking for 157 gold pieces
 68796 | Elf:3    | Found Weuseirr's Antique Weapon Shop.
 68957 | Elf:3    | Received a gift from Okawaru
 69937 | Elf:3    | Identified the +3 flail of the Boar {vorpal, Fly MP+9
                  | Str+4} (Okawaru gifted it to you on level 3 of the Elven
                  | Halls)
 69937 | Elf:3    | Received a gift from Okawaru
 70036 | Elf:3    | Identified the +3 war axe of Unuusear {vorpal, Str+4 Int+2
                  | Stlth+}
 70782 | Elf:3    | Identified the +11 battleaxe "Ujianumi" {vorpal, rN+ rCorr
                  | Int+3 Dex-3}
 70947 | Elf:3    | Got the Disquisition on Fire and Attacks
 71839 | Elf:3    | Identified the +1 cloak of Recklessness {Str+2}
 72244 | Zot:1    | Entered Level 1 of the Realm of Zot
 72376 | Zot:1    | Noticed an orb of fire
 72376 | Zot:1    | Gained mutation: You sometimes lose the ability to read
                  | scrolls when taking damage. [an orb of fire]
 72382 | Zot:1    | Gained mutation: You are weak. (Str -2) [an orb of fire]
 72385 | Zot:1    | Gained mutation: You tend to lose your temper in combat.
                  | [an orb of fire]
 72388 | Zot:1    | Killed an orb of fire
 72388 | Zot:1    | Identified the +2 flail of Nuucygu {flame, rN+} (Okawaru
                  | gifted it to you on level 1 of the Realm of Zot)
 72388 | Zot:1    | Received a gift from Okawaru
 72482 | Depths:3 | Lost mutation: You sometimes lose the ability to read
                  | scrolls when taking damage. [potion of mutation]
 72482 | Depths:3 | Lost mutation: You are weak. (Str -2) [potion of mutation]
 72482 | Depths:3 | Gained mutation: Your spells are a little harder to cast,
                  | but a little more powerful. [potion of mutation]
 72482 | Depths:3 | Gained mutation: You passively map a small area around you.
                  | [potion of mutation]
 72482 | Depths:3 | Gained mutation: You expend magic power (3 MP) to
                  | strengthen your wands. [potion of mutation]
 72568 | Depths:3 | Lost mutation: You tend to lose your temper in combat.
                  | [potion of mutation]
 72568 | Depths:3 | Lost mutation: Your spells are a little harder to cast, but
                  | a little more powerful. [potion of mutation]
 72568 | Depths:3 | Lost mutation: You expend magic power (3 MP) to strengthen
                  | your wands. [potion of mutation]
 72568 | Depths:3 | Gained mutation: Armour fits poorly on your strangely
                  | shaped body. [potion of mutation]
 72569 | Depths:3 | Lost mutation: Armour fits poorly on your strangely shaped
                  | body. [potion of mutation]
 72569 | Depths:3 | Lost mutation: You passively map a small area around you.
                  | [potion of mutation]
 72569 | Depths:3 | Gained mutation: Armour fits poorly on your strangely
                  | shaped body. [potion of mutation]
 72569 | Depths:3 | Gained mutation: You are dopey. (Int -2) [potion of
                  | mutation]
 72648 | Depths:1 | Lost mutation: Armour fits poorly on your strangely shaped
                  | body. [potion of mutation]
 72648 | Depths:1 | Lost mutation: You are dopey. (Int -2) [potion of mutation]
 72648 | Depths:1 | Gained mutation: You are frail. (-10% HP) [potion of
                  | mutation]
 72686 | Depths:1 | Lost mutation: You are frail. (-10% HP) [potion of
                  | mutation]
 72686 | Depths:1 | Gained mutation: You are partially covered in iridescent
                  | scales. (AC +2) [potion of mutation]
 72686 | Depths:1 | Gained mutation: You are mostly covered in iridescent
                  | scales. (AC +4) [potion of mutation]
 73445 | Zot:1    | Reached XP level 27. HP: 79/288 MP: 29/30
 73990 | Zot:1    | Received a gift from Okawaru
 74294 | Zot:1    | Received a gift from Okawaru
 74404 | Zot:1    | Received a gift from Okawaru
 76499 | Zot:2    | Reached skill level 15 in Armour
 76981 | Zot:2    | Received a gift from Okawaru
 77157 | Zot:2    | Acquired 542 gold pieces
 77401 | Zot:2    | Received a gift from Okawaru
 77639 | Zot:3    | Acquired 1103 gold pieces
 78142 | Zot:3    | Noticed an orb of fire
 78594 | Zot:4    | Received a gift from Okawaru
 78855 | Zot:3    | Gained mutation: You have hidden genetic defects.
                  | [mutagenic glow]
 78864 | Zot:3    | Gained mutation: You occasionally shout uncontrollably at
                  | your foes. [mutagenic glow]
 78866 | Zot:3    | Killed from afar by a purple draconian knight

Illustrated notes

Levels and vault maps discovered:
D:1:      scummos_arrival_gate, layout_loops_corners, grunt_decor_arrowhead,
          serial_bayou_pond_d
D:2:      layout_basic, dreamdust_ecumenical_altar_drowned_temple, serial_shops,
          shop
D:3:      corexii_shack_village, layout_basic, lemuel_crystal_altar,
          serial_shops, nicolae_shop_waterfront, shop, nicolae_diamond_shop,
          nicolae_shop_window_shopping, shop, minivault_25
D:4:      layout_rooms, minmay_temple_entry_glassed_door, serial_glass,
          glass_columns_c, glass_columns_c, glass_columns_c, glass_columns_c,
          glass_columns_b, glass_columns_b, uniq_robin
D:5:      lemuel_ice_spiral_2, layout_basic, mainiacjoe_overflow_cross_hatched,
          biasface_ghost_orc_armoury
D:6:      layout_basic, led_sif_pool, uniq_prince_ribbit1
D:7:      layout_basic, trog_hazing_becter, mainiacjoe_overflow_alcove_3,
          minivault_24, chequers_serial_rivers_room_a, kennysheep_flooded_box
D:8:      layout_loops_cross
D:9:      layout_loops_ring, minmay_misc_feat_cross, lightli_church_of_beogh
D:10:     layout_gridville, eat_drink_and_be_merry_uskayaw,
          grunt_temple_overflow_open, gammafunk_ghost_hydra_chop,
          feat_on_display, uniq_maggie
D:11:     lemuel_ogre_cave, layout_basic, erik_lair_orcish_takeover,
          enter_trove_1, enter_bailey_8, minivault_16, minmay_diamond_spiral
D:12:     layout_long_grid, orc_0_dummy, serial_shops, nicolae_shop_crystal,
          minmay_beelzebubs_servants
D:13:     layout_rooms
D:14:     minmay_roctagon, layout_basic, david_vaults_1,
          amcnicky_mini_rare_corridor_liquid, minmay_ruined_shrine
D:15:     grunt_enter_depths_hoard, layout_basic, serial_shops, bzr_entry_gold,
          nicolae_wu_jian_wuxing_cycle
Temple:   jpeg_temple_island
Lair:1:   wander_river, layout_gridlike, roderic_batcave,
          infiniplex_staircase_pool_2
Lair:2:   beast_lair_carwin_large_2, layout_loops_ring, dummy_snake_entry,
          basic_altar, chequers_serial_rivers_micro_e
Lair:3:   layout_big_grid, st_stairs_12, grunt_megastairs_4, uniq_gastronok
Lair:4:   layout_regular_city, swamp_mist_pool, serial_bayou_shore_b,
          lemuel_fruit_fields
Lair:5:   layout_loops_ring, nicolae_slime_entry_slimehenge
Lair:6:   due_jungle_book, layout_small_grid, uniq_rupert
Swamp:1:  layout_basic_swamp, evilmike_swamp_ruin_rubble_1
Swamp:2:  layout_basic_swamp, hangedman_swamp_pad, uniq_roxanne, uniq_donald
Swamp:3:  layout_basic_swamp, nicolae_swamp_long_stream
Swamp:4:  swamp_icy, layout_basic_swamp, gammafunk_ghost_split
Snake:1:  layout_onion_interference, nicolae_snake_guarding_the_ruins,
          serial_bayou_shore_b, uniq_aizul
Snake:2:  layout_chambers, lemuel_oklob_altar, uniq_asterion, uniq_kirke,
          uniq_vashnia
Snake:3:  layout_cave_shapes, nicolae_snake_ghostly_warrior_ritual,
          grunt_megastairs_3, serial_bayou_shore_a
Snake:4:  snake_pit_salamanders_mu, layout_onion
Orc:1:    layout_diamond_mine, nicolae_shop_self_help, uniq_harold
Orc:2:    st_orc_mages, layout_diamond_mine,
          portal_ice_cave_entry_animals_and_master, basic_altar, uniq_maurice
Elf:1:    layout_loops_cross, minmay_elf_necromancy
Elf:2:    nicolae_elf_blades_splatter_lattice [infiniplex_blade_entry_pillars],
          layout_geoelf_diagonals, serial_corexii_hall,
          chequers_hall_statues_wall_a, corexii_hall_statues_s,
          grunt_ministairs_9, feat_on_display, uniq_azrael
Elf:3:    nooodl_elf_gasket, layout_loops_corners, minmay_shoptagon
Vaults:1: vaults_dpeg_ring, hangedman_vaults_hard_town_square,
          nicolae_vaults_specimen_jars, v_misc_26, vaults_mumra_hexcomb,
          nicolae_vaults_bisected_exclaves, v_misc_11,
          nicolae_vaults_shelves_hall, v_misc_16, vaults_dpeg_cross,
          hangedman_vaults_stagger, nicolae_vaults_mini_display_case,
          hangedman_vaults_stretched_pinwheel,
          hangedman_vaults_stretched_pinwheel, layout_vaults_omnibox
Vaults:2: biasface_vaults_ghost_orc_armoury, ontoclasm_vaults_shuriken,
          v_misc_16, vaults_mumra_minichess_inversion, vaults_mumra_hex,
          blue_anna_dwarven_crypt, nicolae_vaults_diagonal_hallway_9,
          hangedman_vaults_restitches, layout_vaults_quadrants, serial_shops,
          shop, uniq_margery
Vaults:3: v_rooms_5, nicolae_vaults_rhombus_6, vaults_room_semicircle,
          nicolae_vaults_disjoint_gnomons, hangedman_vaults_corner,
          ontoclasm_vaults_bender, v_alt_pattern_4, vaults_mumra_lcd,
          vaults_room_ringed_pool, nicolae_vaults_three_branches,
          ontoclasm_vaults_fault, ontoclasm_vaults_twist,
          hangedman_vaults_nails, layout_vaults_ring
Vaults:4: kennysheep_vaults_gozag_temple, nicolae_vaults_little_squares_5,
          vaults_standard_mumra_x, v_misc_28, grunt_vaults_hallway_long,
          hangedman_vaults_stream, v_misc_13, vaults_room_stairs_pillars,
          serial_ice_g, layout_vaults_omnicross
Vaults:5: serial_shops
Depths:1: layout_long_grid, abyss_entry, grunt_mini_vestibule,
          minmay_misc_feat_enclosed, minmay_misc_feat_four_crosses,
          lightli_fourway_metalbox
Depths:2: minmay_the_grid_octo_tiled_squarecenter_mashed
          [minmay_the_grid_octo_chip, minmay_the_grid_octo_tetromino_candy,
          minmay_the_grid_octo_77, minmay_the_grid_octo_focus,
          minmay_the_grid_square_5x5_megaprize_open,
          minmay_the_grid_square_5x5_checkered, minmay_the_grid_square_5x5_v,
          minmay_the_grid_square_5x5_forky,
          minmay_the_grid_square_5x5_misaligned], layout_cave_pools, hell_entry,
          abyss_entry_small_statue_room, roderic_serpentine_path,
          minmay_misc_feat_alley, uniq_bai_suzhen
Depths:3: radiant_caverns_a_rkd, hell_entry, pan_entry, uniq_xtahua
Depths:4: ragdoll_tomb_raider, layout_gridlike, abyss_entry_crystal,
          hangedman_coc_ice_floe, grunt_pan_entry_zigzag,
          nicolae_yredelemnul_corpse_copse
Depths:5: evilmike_zot_entry_diamond, layout_gridlike, hell_entry, serial_shops,
          nicolae_shop_waterfront, nicolae_shop_trees, nicolae_ru_path_of_blood,
          nicolae_abyss_entry_one_way_or_another, grunt_decor_fettered,
          st_stairs_9, nrook_mini_backslash
Zot:1:    layout_gridlike, zot_minivault_5
Zot:2:    grunt_twist_and_shout, layout_cathedral_of_symmetry
Zot:3:    layout_gridlike, st_stairs_8, grunt_ministairs_3
Zot:4:    layout_gridlike, st_stairs_13

Skill      XL: |  1  2  3  4  5  6  7  8  9 10 11 12 13 14 15 16 17 18 19 20 21 22 23 24 25 26 27 |
---------------+----------------------------------------------------------------------------------+-----
Maces & Flails | 3 4 5 6 7 8 10 11 12 13 15 16 | 16.0
Dodging        | 3 4 5 6 7 9 10 11 12 13 14 15 16 17 18 19 20 | 20.2
Fighting       | 3 4 5 6 7 8 9 10 11 12 13 14 15 16 17 18 19 20 | 20.4
Throwing       | 1 3 4 6 7 9 10 12 13 14 15 16 | 16.1
Invocations    | 5 7 9 10 11 12 | 12.0
Armour         | 4 5 7 9 11 12 13 15 | 15.6
Shields        | 3 7 9 11 12 13 14 15 | 15.0
Evocations     | 1 3 4 |  4.0
Stealth        | 5 7 9 |  9.0

Action                   |  1- 3 |  4- 6 |  7- 9 | 10-12 | 13-15 | 16-18 | 19-21 | 22-24 | 25-27 || total
-------------------------+-------+-------+-------+-------+-------+-------+-------+-------+-------++-------
Melee: Mace              |    99 |       |       |       |       |       |       |       |       ||    99
       Whip              |    39 |   223 |   438 |       |       |       |       |       |       ||   700
       Flail             |       |       |    25 |   665 |   337 |       |       |       |       ||  1027
       Punch             |       |       |       |     8 |    20 |       |       |       |       ||    28
       Demon whip        |       |       |       |       |  1755 |  2433 |  2409 |  2756 |  1788 || 11141
       Unarmed           |       |       |       |       |    39 |       |       |       |       ||    39
       Shillelagh        |       |       |       |       |    18 |       |       |    12 |       ||    30
       Morningstar       |       |       |       |       |       |    42 |   430 |    15 |       ||   487
       Eveningstar       |       |       |       |       |       |       |       |    33 |    42 ||    75
Throw: Dart              |     6 |     1 |       |     1 |     2 |       |       |       |       ||    10
       Stone             |     2 |    15 |    24 |       |    30 |       |       |       |       ||    71
       Boomerang         |       |       |    77 |    52 |   134 |   254 |    91 |    54 |    70 ||   732
       Large rock        |       |       |       |     5 |    39 |    41 |    32 |    57 |   132 ||   306
       Javelin           |       |       |       |       |       |     7 |       |    23 |    64 ||    94
Invok: Heroism           |       |       |     1 |    22 |    44 |    41 |    41 |    39 |    35 ||   223
       Finesse           |       |       |       |       |       |     2 |     1 |     6 |     1 ||    10
Evoke: Wand              |       |       |       |     1 |     3 |     1 |       |       |       ||     5
  Use: Scroll            |       |    11 |     8 |    12 |    18 |    16 |     4 |     6 |    16 ||    91
       Potion            |       |       |       |     7 |     3 |     1 |       |     1 |     8 ||    20
 Stab: Sleeping          |     2 |       |     1 |       |     4 |     2 |     3 |     4 |     4 ||    20
       Invisible         |       |       |       |       |     7 |       |       |       |       ||     7
       Distracted        |       |       |       |       |     2 |     2 |       |     3 |     5 ||    12
Armor: Robe              |    64 |    68 |     8 |       |       |       |       |       |       ||   140
       Troll leather arm |       |       |    92 |   158 |   289 |   171 |   210 |   228 |    11 ||  1159
       Pearl dragon scal |       |       |       |       |       |       |       |       |   177 ||   177
Dodge: Dodged            |    76 |   104 |   208 |   433 |  1095 |   922 |   863 |   970 |   722 ||  5393
       Repelled          |       |     1 |     1 |     1 |     7 |    61 |    14 |    32 |    73 ||   190
Block: Tower shield      |       |       |       |       |   745 |   561 |  2041 |  1995 |  1156 ||  6498
       Kite shield       |       |       |       |       |       |   765 |       |       |       ||   765
       Reflection        |       |       |       |       |       |   121 |       |       |       ||   121

Table legend: (Time is in decaauts)
 A = Elapsed time spent in this place.
 B = Non-inter-level travel time spent in this place.
 C = Inter-level travel time spent in this place.
 D = Time resting spent in this place.
 E = Time spent auto-exploring this place.
 F = Levels seen in this place.
 G = Mean time per level.
                   A        B        C        D        E       F      G
               +--------+--------+--------+--------+--------+-----+--------+
         Total |  73343 |  62552 |  10791 |   3648 |  20687 |  52 | 1410.4 |
       Dungeon |  18420 |  14458 |   3962 |    837 |   7967 |  15 | 1228.0 |
        Temple |     62 |     36 |     26 |      0 |      0 |   1 |   62.0 |
          Lair |   7782 |   6690 |   1092 |    288 |   3751 |   6 | 1297.0 |
         Swamp |   3864 |   3219 |    645 |    216 |    660 |   4 |  966.0 |
     Snake Pit |   8716 |   7900 |    816 |    988 |   1573 |   4 | 2179.0 |
  Orcish Mines |   2184 |   1743 |    441 |      2 |    423 |   2 | 1092.0 |
   Elven Halls |   5376 |   4825 |    551 |    112 |    834 |   3 | 1792.0 |
        Vaults |  10630 |   8911 |   1719 |    487 |   2159 |   5 | 2126.0 |
        Depths |   9308 |   7958 |   1350 |    427 |   2435 |   5 | 1861.6 |
           Zot |   5460 |   5274 |    186 |    259 |    863 |   4 | 1365.0 |
        Bazaar |    178 |    178 |      0 |      0 |      0 |   1 |  178.0 |
        Bailey |    552 |    552 |      0 |      6 |     16 |   1 |  552.0 |
      Ice Cave |    807 |    807 |      0 |     23 |      4 |   1 |  807.0 |
               +--------+--------+--------+--------+--------+-----+--------+

Top non-repeatable levels by time:
Vaults:2: 2902 daAuts
 Snake:4: 2826 daAuts
   Elf:3: 2692 daAuts
Vaults:4: 2659 daAuts
   Zot:2: 2452 daAuts
 Snake:2: 2334 daAuts
Depths:3: 2258 daAuts
  Lair:6: 2231 daAuts
 Snake:3: 2197 daAuts
Depths:1: 2184 daAuts
Vaults:3: 2130 daAuts
    D:14: 1905 daAuts
Depths:5: 1826 daAuts
Depths:4: 1751 daAuts
   Zot:1: 1728 daAuts
